 Dungeon Crawl Stone Soup version 0.29.1-1-gd02db6906a (webtiles) character file.

Game seed: 5609427475721326474

3546 Godmorgon the Destroyer (level 10, -4/50 HPs)
             Began as a Tengu Conjurer on Oct 13, 2022.
             Was a Follower of Vehumet.
             Slain by a gnoll sergeant
             ... wielding a +0 spear
              (7 damage)
             ... on level 8 of the Dungeon.
             The game lasted 00:41:15 (10490 turns).

Godmorgon the Destroyer (Tengu Conjurer)           Turns: 10490, Time: 00:41:15

Health: -4/50      AC:  2    Str: 13    XL:     10   Next: 9%
Magic:  0/20       EV: 14    Int: 23    God:    Vehumet [*.....]
Gold:   567        SH:  0    Dex: 13    Spells: 8/21 levels left

rFire   . . .      SeeInvis .   a - +1 dagger (elec)
rCold   . . .      Faith    .   (no shield)
rNeg    . . .      Spirit   .   c - +0 robe
rPois   +          Reflect  .   (helmet restricted)
rElec   .          Harm     .   (no cloak)
rCorr   .          Rampage  .   (no gloves)
Will    .....                   (boots unavailable)
Stlth   ++........              (no amulet)
HPRegen 0.16/turn               l - ring of poison resistance
MPRegen 0.17/turn               I - +6 ring of strength

@: flying quickly and evasively, quick
A: beak, talons 3, nimble flight
a: Renounce Religion


You were on level 8 of the Dungeon.
You worshipped Vehumet.
Vehumet was aware of your devotion.
You visited 2 branches of the dungeon, and saw 9 of its levels.

You collected 567 gold pieces.

Inventory:

Hand Weapons
 a - a +1 dagger of electrocution (weapon)
 w - a +1 dagger of venom
 L - a +2 short sword of speed
 M - a +2 whip of flaming
Missiles
 A - 5 poisoned darts
 H - a curare-tipped dart
Armour
 c - a +0 robe (worn)
 F - +0 pearl dragon scales
Magical Staves
 b - a staff of fire
Jewellery
 i - a ring of fire
 l - a ring of poison resistance (left hand)
 I - a +6 ring of strength (right hand)
Wands
 r - a wand of roots (20)
 x - a wand of acid (11)
 C - a wand of paralysis (17)
 E - a wand of flame (25)
 K - a wand of digging (5)
Scrolls
 d - a scroll of acquirement {unknown}
 e - 6 scrolls of teleportation
 g - 3 scrolls of immolation {unknown}
 h - 2 scrolls of poison {unknown}
 k - 2 scrolls of amnesia {unknown}
 p - a scroll of summoning {unknown}
 q - 3 scrolls of fog {unknown}
 t - 2 scrolls of enchant armour {unknown}
 u - 2 scrolls of identify {unknown}
 y - a scroll of torment {unknown}
 z - a scroll of fear {unknown}
 B - a scroll of blinking {unknown}
Potions
 f - 2 potions of haste {unknown}
 j - 2 potions of might {unknown}
 m - 3 potions of mutation {unknown}
 n - a potion of resistance {unknown}
 o - 2 potions of flight {unknown}
 s - 2 potions of lignification {unknown}
 v - a potion of magic
 D - a potion of berserk rage {unknown}
 G - a potion of degeneration {unknown}
 J - a potion of curing {unknown}
 N - a potion of ambrosia {unknown}


   Skills:
 - Level 2.0 Short Blades
 - Level 2.1 Dodging
 - Level 2.0 Stealth
 + Level 6.3 Spellcasting
 * Level 13.2 Conjurations
 * Level 8.5 Fire Magic


You had 8 spell levels left.
You knew the following spells:

 Your Spells              Type           Power      Damage    Failure   Level
c - Conjure Flame         Conj/Fire      55%        6-21      1%          3
d - Magic Dart            Conj           100%       1d8       1%          1
f - Flame Wave            Conj/Fire      55%        2d13      1%          4
i - Inner Flame           Hex/Fire       27%        N/A       4%          3
s - Searing Ray           Conj           100%       2d8       1%          2

Your spell library contained the following spells:

 Spells                   Type           Power      Damage    Failure   Level
 Freeze                   Ice            28%        1d5       9%          1
 Foxfire                  Conj/Fire      100%       2x1d9     1%          1
 Dazzling Flash           Conj/Hex       74%        N/A       1%          3
 Fulminant Prism          Conj/Hex       18%        3d11      5%          4
 Iskenderun's Mystic Bla  Conj/Tloc      37%        2d9       5%          4
 Apportation              Tloc           14%        N/A       9%          1
 Alistair's Intoxication  Tmut/Pois      4%         N/A       92%         5


Dungeon Overview and Level Annotations

Branches:
Dungeon (8/15)             Temple (1/1) D:4
   Lair: D:8-11

Altars:
Cheibriados
Dithmenos
Elyvilon
Gozag
Hepliaklqana
Kikubaaqudgha
Makhleb
Nemelex Xobeh
Okawaru
Qazlal
Ru
Sif Muna
Trog
Uskayaw
Vehumet
Wu Jian
Xom
Yredelemnul
Zin
The Shining One

Annotations:
D:3 3 runed translucent doors, quakins's ghost, amateur DrCj


Innate Abilities, Weirdness & Mutations

You have a beak for a mouth.
You have claws for feet.
Your magical nature lets you fly swiftly and evasively.


Message History

The gnoll is almost dead.
You finish channelling your searing ray.
The gnoll sergeant hits you from afar with a +0 spear.
A gnoll comes into view. It is wielding a +0 halberd.
Casting: Searing Ray (safe; 1% risk of failure)
Confirm with . or Enter, or press ? or * to list all spells.
Aiming: Searing Ray (safe; 1% risk of failure)
Press: ? - help, Shift-Dir - straight line The searing ray misses the gnoll sergeant. (Press . to maintain the ray.)
The gnoll sergeant barely misses you.
The searing ray hits the gnoll sergeant.
The gnoll sergeant is severely wounded.
The searing ray hits the gnoll.
You kill the gnoll!
Vehumet accepts your kill.
You feel your power returning.
The searing ray hits the gnoll.
The gnoll is lightly wounded.
The gnoll sergeant hits you from afar with a +0 spear.
The searing ray hits the gnoll sergeant.
The gnoll sergeant is almost dead.
The searing ray hits the gnoll!
You kill the gnoll!
Vehumet accepts your kill.
The gnoll sergeant hits you from afar with a +0 spear!
* * * LOW HITPOINT WARNING * * *
The searing ray misses the gnoll sergeant.
You finish channelling your searing ray.
The gnoll sergeant hits you from afar with a +0 spear!
* * * LOW HITPOINT WARNING * * *
Okay, then.
Okay, then.
Casting: Searing Ray (safe; 1% risk of failure)
Confirm with . or Enter, or press ? or * to list all spells.
Casting: Flame Wave (dangerous; 1% risk of failure)
Press: ? - help, Dir - look around, f - activate A wave of flame ripples out! (Press . to intensify the flame waves.)
The gnoll sergeant hits you from afar with a +0 spear!
You die...

.#.≈.# #.# .......#
.#...## #.# .......#
...≈..###.# .......#
≈≈≈≈....#.# .......#
........#.##.......#
........#...##...#
.......#......###
......##.####..!####
......#.## ####@.g#
.....#.## ####)....
....#..# >..
....#.## . ####.## #
###


You could see a gnoll sergeant.

Vanquished Creatures
  Sigmund (D:5)
  2 wyverns
  Eustachio (D:6)
  Edmund (D:5)
  A water moccasin (D:8)
  Duvessa (D:4)
  An orc warrior (D:7)
  2 ice beasts (D:7)
  A black bear (D:8)
  2 ogres
  A phantom (D:5)
  2 centaurs (D:8)
  2 kobold brigands
  4 scorpions
  5 bullfrogs
  Dowan (D:4)
  6 killer bees (D:8)
  4 hounds (D:6)
  2 jellies
  3 orc priests
  7 iguanas
  3 orc wizards
  7 adders
  9 gnolls
  A shadow imp (D:5)
  3 white imps
  An ufetubus (D:6)
  A worm (D:2)
  2 dart slugs (D:1)
  20 orcs
  8 bats
  6 endoplasms
  4 giant cockroaches
  13 goblins
  10 hobgoblins
  13 jackals
  11 kobolds
  2 quokkas
  5 ball pythons
  3 frilled lizards
  A rat (D:3)
173 creatures vanquished.

Vanquished Creatures (others)
  A butterfly (D:5)
  31 plants (D:8)
32 creatures vanquished.

Grand Total: 205 creatures vanquished

Notes
Turn   | Place    | Note
-------+----------+-------------------------------------------
     0 | D:1      | Godmorgon the Tengu Conjurer began the quest for the Orb.
     0 | D:1      | Reached XP level 1. HP: 10/10 MP: 4/4
   275 | D:1      | Found a faded altar of an unknown god.
   286 | D:1      | Reached XP level 2. HP: 15/15 MP: 1/6
   289 | D:1      | Learned a level 2 spell: Searing Ray
   698 | D:1      | Reached skill level 6 in Conjurations
   846 | D:1      | Reached XP level 3. HP: 19/19 MP: 0/7
  2114 | D:2      | Reached XP level 4. HP: 24/24 MP: 6/9
  2756 | D:3      | Reached skill level 7 in Conjurations
  3443 | D:3      | Gained mutation: Your magical nature lets you fly swiftly
                  | and evasively. [Tengu growth]
  3443 | D:3      | Reached XP level 5. HP: 28/28 MP: 0/10
  4067 | D:3      | Found a runed translucent gate.
  4067 | D:3      | Found a runed translucent gate.
  4067 | D:3      | Found a runed translucent gate.
  4069 | D:3      | Noticed quakins's ghost (amateur DrCj)
  4116 | D:3      | Found an iron altar of Okawaru.
  4326 | D:4      | Noticed Duvessa
  4326 | D:4      | Noticed Dowan
  4475 | D:4      | Reached skill level 8 in Conjurations
  4475 | D:4      | Reached XP level 6. HP: 32/32 MP: 3/12
  4491 | D:4      | Found a bloodstained altar of Trog.
  4730 | D:4      | Reached skill level 1 in Short Blades
  4925 | D:4      | Found a staircase to the Ecumenical Temple.
  4938 | Temple   | Entered the Ecumenical Temple
  5083 | Temple   | Became a worshipper of Vehumet
  5146 | D:4      | Learned a level 3 spell: Conjure Flame
  5151 | D:4      | Learned a level 4 spell: Flame Wave
  5241 | D:4      | Killed Duvessa
  5241 | D:4      | Killed Dowan
  5242 | D:4      | Reached skill level 9 in Conjurations
  5242 | D:4      | Reached skill level 1 in Fire Magic
  5242 | D:4      | Reached XP level 7. HP: 8/36 MP: 3/14
  5894 | D:5      | Entered Level 5 of the Dungeon
  5946 | D:5      | Noticed Sigmund
  5950 | D:5      | Killed Sigmund
  5996 | D:5      | Noticed Edmund
  6016 | D:5      | Killed Edmund
  6017 | D:5      | Reached skill level 10 in Conjurations
  6017 | D:5      | Reached XP level 8. HP: 41/41 MP: 3/15
  6367 | D:5      | Found a white marble altar of Elyvilon.
  6644 | D:5      | Noticed a wyvern
  6655 | D:5      | Killed a wyvern
  6742 | D:5      | Reached skill level 5 in Spellcasting
  6742 | D:5      | Reached skill level 5 in Fire Magic
  7443 | D:6      | Reached skill level 11 in Conjurations
  7616 | D:6      | Found an opulent altar of Gozag.
  7695 | D:6      | Reached XP level 9. HP: 45/45 MP: 6/17
  7766 | D:6      | Noticed a +0 dagger
  7766 | D:6      | Noticed a +0 short sword
  7766 | D:6      | Noticed a +0 spear
  7767 | D:6      | Noticed a +0 short sword
  7767 | D:6      | Noticed a +0 dagger
  7768 | D:6      | Noticed a +0 spear
  7769 | D:6      | Noticed a +0 falchion
  7769 | D:6      | Noticed a +0 falchion
  8051 | D:6      | Found a hide-covered altar of Uskayaw.
  8062 | D:6      | Noticed Eustachio
  8068 | D:6      | Killed Eustachio
  8471 | D:7      | Found a glowing golden altar of the Shining One.
  8471 | D:7      | Found a glowing silver altar of Zin.
  8824 | D:7      | Reached skill level 12 in Conjurations
  8946 | D:7      | Found an ornate altar of the Wu Jian Council.
  9184 | D:7      | Reached * piety under Vehumet
  9184 | D:7      | Offered knowledge of Freeze by Vehumet.
  9184 | D:7      | HP: 1/45 [orc warrior/bolt (8)]
  9772 | D:8      | Identified the +7 sling of Desperation {venom, Contam Str+7
                  | Int+2 Stlth+}
  9903 | D:8      | Noticed a queen bee
 10371 | D:8      | Learned a level 3 spell: Inner Flame
 10405 | D:8      | Found a hazy altar of Hepliaklqana.
 10420 | D:8      | Reached skill level 13 in Conjurations
 10420 | D:8      | Reached XP level 10. HP: 50/50 MP: 13/20
 10490 | D:8      | Slain by a gnoll sergeant

Illustrated notes

Levels and vault maps discovered:
D:1:      scummos_arrival_simple_crosswalls, layout_loops_corners,
          shapermc_ecumenical_altar_starsandcircs
D:2:      layout_basic, minmay_box_of_dots
D:3:      wander_river, layout_loops_ring, okawaru_altar_gauntlet_db,
          biasface_ghost_orc_armoury, hangedman_decor_opposing,
          kennysheep_another_room
D:4:      layout_loops_ring, trog_three_pillars_becter,
          minmay_temple_entry_offerings, minmay_ogre_servants, uniq_duvessa
D:5:      layout_basic, nicolae_elyvilon_peaceful_grove, uniq_edmund,
          uniq_sigmund
D:6:      layout_loops_ring, nicolae_uskayaw_en_pointe,
          mainiacjoe_overflow_cross_hatched, uniq_eustachio
D:7:      layout_gridville, jmf_multi_god_temple, nzn_wu_jian_contemplation
D:8:      layout_cave_pods, mainiacjoe_overflow_brackets,
          hangedman_abyss_or_decor_lesser_grid, nicolae_looking_at_the_future,
          uniq_prince_ribbit1
Temple:   nicolae_temple_bog_church

Skill      XL: |  1  2  3  4  5  6  7  8  9 |
---------------+----------------------------+-----
Conjurations   | 6 7 8 9 10 11 13 | 13.2
Spellcasting   | 3 4 5 6 |  6.3
Short Blades   | 1 2 |  2.0
Fire Magic     | 1 3 5 8 |  8.5
Dodging        | |  2.1
Stealth        | |  2.0

Action                   |  1- 3 |  4- 6 |  7- 9 | 10-12 || total
-------------------------+-------+-------+-------+-------++-------
Melee: Whip              |     6 |     2 |       |       ||     8
       Peck              |     1 |     1 |       |       ||     2
       Kick              |       |     3 |       |       ||     3
       Dagger            |       |     3 |     4 |       ||     7
       Rapier            |       |     3 |       |       ||     3
 Cast: Magic Dart        |    15 |     4 |    19 |       ||    38
       Searing Ray       |    28 |    44 |    68 |     4 ||   144
       Conjure Flame     |       |       |     6 |       ||     6
       Flame Wave        |       |       |     3 |     1 ||     4
  Use: Scroll            |       |     2 |     1 |       ||     3
Armor: Robe              |     3 |     6 |     7 |       ||    16
Dodge: Dodged            |    12 |    29 |    48 |     2 ||    91
